 Dungeon Crawl Stone Soup version 0.31.0-32-g396128a36d (webtiles) character file.

Game seed: 5772395149043032539

805 mainiacjoe the Firebug (level 7, -2/36 HPs)
             Began as an Octopode Fire Elementalist on Apr 5, 2024.
             Was a Follower of Hepliaklqana.
             Slain by an ogre
             ... wielding a +0 giant spiked club
              (30 damage)
             ... on level 6 of the Dungeon.
             The game lasted 00:22:10 (7162 turns).

mainiacjoe the Firebug (Octopode Fire Elementalist) Turns: 7162, Time: 00:22:10

Health: -2/36      AC:  1    Str:  7    XL:     7   Next: 91%
Magic:  6/11       EV: 13    Int: 19    God:    Hepliaklqana [*.....]
Gold:   175        SH:  5    Dex: 13    Spells: 2/12 levels left

rFire   + . .        a - +3 short sword (vamp)
rCold   . . .        (no shield)
rNeg    . . .        (helmet restricted)
rPois   .            j - amulet of reflection
rElec   .            t - ring of protection from fire
rCorr   .            (no ring)
SInv    .            (no ring)
Will    .....        (no ring)
Stlth   +++          (no ring)
HPRegen 0.26/turn    (no ring)
MPRegen 0.12/turn    (no ring)
                     (no ring)

%: reflection
@: no status effects
A: reduced essence, almost no armour, amphibious, 8 rings, camouflage 1,
gelatinous body 1, (nimble swimmer 1), tentacles
a: Renounce Religion, Recall Ancestor, Ancestor Identity


You were on level 6 of the Dungeon.
You worshipped Hepliaklqana.
Hepliaklqana was aware of your devotion.
You visited 1 branch of the dungeon, and saw 6 of its levels.

You collected 325 gold pieces.
You spent 150 gold pieces at shops.

Inventory:

Hand Weapons
 a - a +3 vampiric short sword (weapon)
 b - a +0 dagger of protection
 l - a +3 hand axe
 m - a +0 short sword
 u - a +2 dagger of protection
 v - a +1 long sword of flaming
Missiles
 e - 40 stones
 y - 6 poisoned darts
Magical Staves
 w - a staff of alchemy
Jewellery
 j - an amulet of reflection (around mantle)
 t - a ring of protection from fire (left tentacle)
Wands
 p - a wand of polymorph (10)
Scrolls
 c - 4 scrolls of fog
 d - 3 scrolls of teleportation
 n - a scroll of blinking
 q - a scroll of identify
 r - a scroll of immolation
 s - a scroll of silence
 x - a scroll of vulnerability
Potions
 f - a potion of magic
 g - 2 potions of curing
 h - 2 potions of invisibility
 i - a potion of lignification
 k - a potion of ambrosia
 o - a potion of cancellation


   Skills:
 - Level 2.0 Dodging
 - Level 2.6 Stealth
 - Level 3.0 Spellcasting
 + Level 4.0 Conjurations
 - Level 3.0 Hexes
 * Level 7.0 Fire Magic


You had 2 spell levels left.
You knew the following spells:

 Your Spells              Type           Power      Damage    Failure   Level
a - Foxfire               Conj/Fire      92%        2x1d8     1%          1
b - Scorch                Fire           58%        2d7       1%          2
c - Inner Flame           Hex/Fire       21%        N/A       6%          3
d - Flame Wave            Conj/Fire      23%        2d8       16%         4

Your spell library contained the following spells:

 Spells                   Type           Power      Damage    Failure   Level
 Volatile Blastmotes      Fire/Tloc      32%        2d12      11%         3
 Tukima's Dance           Hex            14%        N/A       13%         3
 Gell's Gravitas          Tloc           2%         N/A       41%         3
 Teleport Other           Tloc           2%         N/A       41%         3
 Iskenderun's Mystic Bla  Conj/Tloc      10%        2d4       54%         4
 Dimensional Bullseye     Hex/Tloc       4%         N/A       63%         4
 Irradiate                Conj/Alch      5%         3d13      88%         5
 Dispersal                Tloc           1%         N/A       100%        6
 Summon Cactus Giant      Summ           1%         N/A       100%        6
 Ignition                 Fire           14%        3d6       100%        8


Dungeon Overview and Level Annotations

Branches:
Dungeon (6/15)
 Temple: D:4-7

Altars:
Hepliaklqana
Kikubaaqudgha
Makhleb
Sif Muna

Shops:
D:2 =*??   D:4 (

Annotations:
D:4 2 runed translucent doors, exclusion: 2 doors, adelrune's ghost, amateur OnWr


Innate Abilities, Weirdness & Mutations

Your life essence is reduced to manifest your ancestor. (-10% HP)
You cannot wear most types of armour.
You are amphibious.
You can wear up to eight rings at the same time.
Your skin changes colour to match your surroundings (Stealth+).
Your rubbery body absorbs attacks. (AC +1, EV +1)
((You are camouflaged when in or above water. (Stealth+)))
You have tentacles for arms and can constrict up to eight enemies at once.


Message History

The white imp is burned terribly!
You kill the white imp!
Your Fire Magic skill increases to level 7!
Your foxfire dissipates! x2
Pallo emerges from the mists of memory!
Pallo completely misses the butterfly.
Pallo barely misses the butterfly.
Pallo completely misses the butterfly.
Pallo misses the butterfly.
You swap places.
Pallo closely misses the butterfly.
Pallo barely misses the butterfly.
Pallo hits the butterfly.
The butterfly dies!
Found a stone staircase leading up.
There is a stone staircase leading up here.
You now have 175 gold pieces (gained 12).
d - 3 scrolls of teleportation (gained 1)
Found a hand axe.
Casting: Foxfire (safe; 1% risk of failure)
Confirm with . or Enter, or press ? or * to list all spells.
Aiming: Inner Flame (dangerous; 6% risk of failure)
Press: ? - help, Dir - move target, f - ogre
Aim: an ogre, wielding a +0 giant spiked club (wandering, hasn't noticed you, chance to affect: 76%)
The ogre shouts!
The ogre is filled with an inner flame.
You hear an angry hiss.
Casting: Inner Flame (dangerous; 6% risk of failure)
Confirm with . or Enter, or press ? or * to list all spells.
Flames lash the ogre.
Flame seeps out of the ogre.
The ogre is moderately wounded.
The ogre's fire resistance burns away.
The ogre is engulfed in blazing flames.
Flame seeps out of the ogre.
Pallo barely misses the ogre.
The ogre attacks as it pursues you!
The ogre hits you with a +0 giant spiked club!
Unknown command.
The ogre attacks as it pursues you!
The ogre hits you with a +0 giant spiked club!!
Ouch! That really hurt!
You die...

... #.. ##### #.. ....# #..
#.)....#..# #.# ###
#.#.##.#..#####.#
##.########.#.##.#.........
#...........#.##.#.######.#
#.##..R.O@...##.#.# #.#
#.#####.!.S#######.##.#.#
#.# ..O......#. #.#....#
#.. ..#<#.. #......# #.# .
#.##. #.#...## #.. .KS..
#.##.## ###
..[##S#######.##.# ####
≈≈≈............##.# #...
≈≈≈≈..#..####......# #.##


You could see the friendly Pallo the ancestor, an ogre (inner flame,
combustible, ally target) and an adder.

Vanquished Creatures
  A black bear (D:5)
  3 scorpions
  A bombardier beetle (D:5)
  3 hounds
  2 orc priests (D:3)
  3 iguanas
  An orc wizard (D:5)
  8 adders
  3 gnolls
  2 white imps
  2 ufetubi (D:6)
  4 ribbon worms
  4 dart slugs
  11 orcs
  6 bats
  4 endoplasms (D:2)
  9 giant cockroaches
  9 hobgoblins
  6 jackals (D:4)
  4 quokkas
  3 ball pythons
  2 frilled lizards (D:1)
  7 goblins
  12 kobolds
  3 rats
113 creatures vanquished.

Vanquished Creatures (collateral kills)
  A quokka (D:5)
  A butterfly (D:6)
2 creatures vanquished.

Vanquished Creatures (others)
  An ancestor (D:6)
  238 foxfires
239 creatures vanquished.

Grand Total: 354 creatures vanquished

Notes
Turn   | Place    | Note
-------+----------+-------------------------------------------
     0 | D:1      | mainiacjoe the Octopode Fire Elementalist began the quest
                  | for the Orb.
     0 | D:1      | Reached XP level 1. HP: 11/11 MP: 3/3
   211 | D:1      | Reached XP level 2. HP: 15/17 MP: 0/5
   405 | D:1      | Learned a level 2 spell: Scorch
   656 | D:1      | Reached XP level 3. HP: 21/21 MP: 4/6
   660 | D:1      | Learned a level 3 spell: Inner Flame
   800 | D:1      | Reached skill level 1 in Hexes
  1230 | D:2      | Found Byozxocs's Magic Scroll Shop.
  1238 | D:2      | Bought a scroll of identify for 26 gold pieces
  1313 | D:2      | Found Irug's Assorted Antiques.
  1321 | D:2      | Bought a red potion for 16 gold pieces
  1343 | D:2      | Reached XP level 4. HP: 27/27 MP: 1/7
  1462 | D:2      | Bought a scroll labelled MELIUN AHET for 18 gold pieces
  1633 | D:2      | Found Bodwus's Jewellery Emporium.
  1743 | D:2      | You fall into a shaft and drop 1 floor!
  2076 | D:2      | Found Igyluic's Magic Scroll Emporium.
  2108 | D:2      | Bought a sedimented purple potion for 16 gold pieces
  2177 | D:3      | Reached skill level 4 in Fire Magic
  2393 | D:2      | Bought a scroll of identify for 24 gold pieces
  2449 | D:3      | Found an ancient bone altar of Kikubaaqudgha.
  2935 | D:3      | Reached XP level 5. HP: 25/31 MP: 3/9
  3639 | D:4      | Reached XP level 6. HP: 36/36 MP: 4/10
  3828 | D:2      | Bought a scroll of identify for 24 gold pieces
  3929 | D:4      | Found a shimmering blue altar of Sif Muna.
  4154 | D:2      | Bought a scroll of identify for 26 gold pieces
  4333 | D:4      | Found a hazy altar of Hepliaklqana.
  4369 | D:4      | Reached skill level 5 in Fire Magic
  4800 | D:4      | Found Yhunum's Weapon Shop.
  5075 | D:4      | Found a large runed translucent door.
  5076 | D:4      | Found a large runed translucent door.
  5079 | D:4      | Noticed adelrune's ghost (amateur OnWr)
  5176 | D:4      | Became a worshipper of Hepliaklqana the Forgotten
  5210 | D:5      | Entered Level 5 of the Dungeon
  5270 | D:5      | Reached XP level 7. HP: 24/41 MP: 2/11
  5275 | D:5      | Learned a level 4 spell: Flame Wave
  5600 | D:5      | Reached skill level 6 in Fire Magic
  6248 | D:5      | Reached * piety under Hepliaklqana
  6686 | D:6      | Found a burning altar of Makhleb.
  7015 | D:6      | Reached skill level 7 in Fire Magic
  7162 | D:6      | Slain by an ogre

Illustrated notes

Levels and vault maps discovered:
D:1:      dpeg_arrival_three_smaller_balls, layout_rooms
D:2:      layout_basic, serial_shops, shop, nicolae_shop_overgrown_old_shop,
          nicolae_shop_rolled_up, shop, minmay_misc_feat_rugged
D:3:      layout_basic, nicolae_overflow_crystal_walls, serial_curves,
          eino_curves_04, eino_curves_03, eino_curves_03, eino_curves_01
D:4:      layout_cave_pods, mainiacjoe_overflow_catwalk,
          nzn_hepliaklqana_mist_gate, serial_shops, shop,
          ebering_ghost_disaster_area, minmay_gold_behind_fungi
D:5:      layout_loops_corners
D:6:      layout_loops_ring, nicolae_uskayaw_en_pointe, general_overflow_altar,
          old_standard_altar, minmay_temple_entry_butterflies, serial_demonic,
          serial_demonic_f, serial_demonic_b, serial_demonic_f,
          serial_demonic_d, serial_demonic_e, serial_demonic_b,
          serial_demonic_a, nrook_mini_vaults, uniq_menkaure

Skill      XL: |  1  2  3  4  5  6  7 |
---------------+----------------------+-----
Hexes          | 1 2 3 |  3.0
Fire Magic     | 4 5 7 |  7.0
Conjurations   | 2 3 4 |  4.0
Spellcasting   | 3 |  3.0
Dodging        | |  2.0
Stealth        | |  2.6

Action                     |  1- 3 |  4- 6 |  7- 9 || total
---------------------------+-------+-------+-------++-------
  Melee: Dagger            |     1 |       |       ||     1
         Short sword       |     3 |    30 |    10 ||    43
         Tentacles         |     2 |     6 |     2 ||    10
         Constrict         |     1 |     7 |     2 ||    10
         Punch             |       |     1 |     1 ||     2
   Cast: Foxfire           |    53 |    68 |    16 ||   137
         Scorch            |     2 |    28 |    19 ||    49
         Inner Flame       |       |     1 |     8 ||     9
 Invoke: Ancestor Identity |       |       |     1 ||     1
    Use: Scroll            |    10 |     6 |     1 ||    17
   Stab: Sleeping          |       |     2 |     1 ||     3
 Armour: Skin              |    11 |    16 |    15 ||    42
  Dodge: Dodged            |    12 |    11 |    12 ||    35
  Block: Other             |       |    11 |     4 ||    15
         Reflection        |       |     1 |       ||     1
